 Dungeon Crawl Stone Soup version 0.31-a0-983-g7b6862f502 (webtiles) character file.

Game seed: 18319400498510063946

5245 Maratek the Cleaver (level 10, -16/88 HPs)
             Began as a Minotaur Fighter on Nov 2, 2023.
             Was a Follower of Qazlal.
             Demolished by an orc knight
             ... wielding a +0 halberd
              (26 damage)
             ... in a bailey.
             The game lasted 00:08:53 (6260 turns).

Maratek the Cleaver (Minotaur Fighter)              Turns: 6260, Time: 00:08:54

Health: -16/88     AC:  8    Str: 29    XL:     10   Next: 36%
Magic:  0/9        EV: 11    Int:  5    God:    Qazlal [*.....]
Gold:   1263       SH:  7    Dex:  9    Spells: 9/9 levels left

rFire   . . .        k - +4 broad axe "Guosol" {drain, Fly Str+3 Stlth-}
rCold   . . .        c - +0 buckler
rNeg    . . .        b - +0 scale mail
rPois   .            (helmet restricted)
rElec   .            o - scarf {shadows}
rCorr   .            (no gloves)
SInv    .            (no boots)
Will    +....        l - amulet of guardian spirit Stlth
                     g - ring of willpower
HPRegen 0.34/turn    v - +4 ring of slaying
MPRegen 0.11/turn

%: guardian spirit
@: mighty, flying
A: horns 2, retaliatory headbutt
a: Renounce Religion


You were in a bailey.
You worshipped Qazlal.
Qazlal was aware of your devotion.
You visited 2 branches of the dungeon, and saw 9 of its levels.
You also visited: Bailey.

You collected 1353 gold pieces.
You spent 90 gold pieces at shops.

Inventory:

Hand Weapons
 k - the +4 broad axe "Guosol" (weapon) {drain, Fly Str+3 Stlth-}
   (You found it on level 2 of the Dungeon)

   Str+3:     It affects your strength (+3).
   Fly:       It grants you flight.
   Stlth-:    It makes you less stealthy.
Armour
 b - a +0 scale mail (worn)
 c - a +0 buckler (worn)
 o - a scarf of shadows (worn)
Jewellery
 g - a ring of willpower (left hand)
 l - an amulet of guardian spirit (around neck)
 v - a +4 ring of slaying (right hand)
Wands
 j - a wand of flame (16)
 m - a wand of roots (7)
 r - a wand of digging (7)
Scrolls
 d - 3 scrolls of noise
 e - a scroll of teleportation
 p - 2 scrolls of enchant armour
 q - 3 scrolls of fog
 s - a scroll of amnesia
Potions
 a - 2 potions of ambrosia
 f - 2 potions of curing
 h - 4 potions of heal wounds
 i - 4 potions of magic
 n - a potion of degeneration
 t - a potion of enlightenment {unknown}
 u - a potion of resistance {unknown}
 w - a potion of lignification {unknown}
 x - a potion of attraction {unknown}
 z - 3 potions of cancellation {unknown}
 A - a potion of might
 B - a potion of invisibility {unknown}
 C - a potion of haste {unknown}


   Skills:
 + Level 7.6 Fighting
 + Level 12.4(12.7) Axes
 + Level 3.9(8.9) Polearms
 + Level 8.9 Armour
 + Level 4.1 Dodging
 + Level 1.8 Stealth
 + Level 6.6 Shields


You had 9 spell levels left.
You didn't know any spells.
Your spell library contained the following spells:

 Spells                   Type           Power      Damage    Failure   Level
 Apportation              Tloc           0%         N/A       75%         1
 Jinxbite                 Hex            0%         N/A       87%         2
 Dazzling Flash           Conj/Hex       0%         N/A       98%         3
 Agony                    Necr           0%         N/A       100%        5
 Alistair's Intoxication  Tmut/Pois      0%         N/A       100%        5
 Silence                  Hex/Air        0%         N/A       100%        5


Dungeon Overview and Level Annotations

Branches:
Dungeon (8/15)             Temple (1/1) D:7          Bailey (1/1)
   Lair: D:8-11

Altars:
Ashenzari
Cheibriados
Dithmenos
Gozag
Hepliaklqana
Kikubaaqudgha
Makhleb
Nemelex Xobeh
Okawaru
Qazlal
Ru
Sif Muna
Trog
Uskayaw
Vehumet
Xom
Yredelemnul
Zin
The Shining One

Shops:
D:5 (   D:8 *


Innate Abilities, Weirdness & Mutations

You have a pair of horns on your head.
You reflexively headbutt those who attack you in melee.


Message History

Qazlal accepts your kill.
The orc knight hits you with a +0 trident.
You closely miss the orc knight.
The orc knight is almost dead.
The orc knight hits you with a +0 trident!!
* * * LOW HITPOINT WARNING * * *
Unknown command.
You are too injured to fight recklessly!
Unknown command.
You are too injured to fight recklessly!
Unknown command.
You are too injured to fight recklessly!
Unknown command.
You are too injured to fight recklessly!
You feel much better.
The orc knight hits you with a +0 trident.
You feel very mighty all of a sudden. You block the orc knight's attack. x2
You slice the orc knight!!
You kill the orc knight!
Qazlal accepts your kill. The orc knight completely misses you.
The orc knight misses you.
Found 3 scrolls of enchant armour.
The orc knight barely misses you. You furiously retaliate!
You headbutt the orc knight. The orc knight barely misses you.
You furiously retaliate!
You headbutt the orc knight! You slice the orc knight!!
You drain the orc knight! Your headbutt misses the orc knight.
The orc knight is severely wounded.
You closely miss the orc knight.
The orc knight hits you with a +0 glaive!!
* * * LOW HITPOINT WARNING * * *
The orc knight barely misses you.
You closely miss the orc knight.
The orc knight is severely wounded.
You miss the orc knight.
The orc knight hits you with a +0 glaive!
* * * LOW HITPOINT WARNING * * *
The orc knight hits you with a +0 halberd!!
You die...

####### #########
#######.....###........
.....#.......'.........
.....'..#....'..)o...??
.....'...)...'.☼@o...??
.....'..#))..'..)....??
.....#..))...'.........
#######.)...###........
####### #########


You could see 2 orc knights.

Vanquished Creatures
  A two-headed ogre (D:8)
  Pikel (D:7)
  An orc knight (Bailey)
  A wyvern (D:8)
  4 yaks (D:8)
  A steam dragon (D:7)
  Duvessa (D:7)
  An ice beast (D:6)
  5 orc warriors
  2 black bears
  A wolf (D:5)
  3 centaurs
  An ogre (D:7)
  3 lemures (D:7)
  A phantom (D:7)
  2 bullfrogs
  A gnoll sergeant (D:5)
  2 scorpions
  4 wights (D:7)
  Dowan (D:7)
  4 howler monkeys
  3 orc priests
  10 hounds
  5 iguanas
  A sleepcap (D:4)
  2 orc wizards
  11 gnolls (D:5)
  5 adders
  2 ufetubi (D:5)
  A worm (D:4)
  3 dart slugs
  30 orcs
  5 ball pythons
  5 bats
  8 endoplasms
  2 giant cockroaches
  8 goblins
  5 hobgoblins
  8 jackals
  5 quokkas
  3 frilled lizards
  8 kobolds
  5 rats
176 creatures vanquished.

Notes
Turn   | Place    | Note
-------+----------+-------------------------------------------
     0 | D:1      | Maratek the Minotaur Fighter began the quest for the Orb.
     0 | D:1      | Reached XP level 1. HP: 19/19 MP: 0/0
   348 | D:1      | Reached XP level 2. HP: 27/27 MP: 1/1
   365 | D:1      | Found a faded altar of an unknown god.
   949 | D:2      | Reached XP level 3. HP: 26/33 MP: 2/2
  1176 | D:2      | Identified the +4 broad axe "Guosol" {drain, Fly Str+3
                  | Stlth-}
  1402 | D:3      | You are sucked into a shaft and drop 2 floors!
  1402 | D:5      | Entered Level 5 of the Dungeon
  1412 | D:5      | Reached XP level 4. HP: 21/40 MP: 1/3
  1582 | D:4      | Reached skill level 1 in Axes
  1832 | D:3      | Reached skill level 2 in Axes
  1832 | D:3      | Reached XP level 5. HP: 41/47 MP: 2/4
  2183 | D:3      | Identified a scroll of acquirement
  2183 | D:3      | Acquired 781 gold pieces
  2330 | D:4      | Reached skill level 3 in Axes
  2522 | D:5      | Found Qaxoegh's Weapon Shoppe.
  2568 | D:5      | Reached skill level 4 in Axes
  2572 | D:5      | Reached XP level 6. HP: 15/53 MP: 2/5
  2576 | D:5      | Reached skill level 5 in Armour
  2723 | D:5      | Reached skill level 5 in Axes
  2723 | D:5      | Reached skill level 1 in Dodging
  2739 | D:5      | Reached XP level 7. HP: 35/60 MP: 4/6
  2848 | D:5      | Reached skill level 5 in Fighting
  2864 | D:5      | Reached skill level 6 in Axes
  2967 | D:5      | Found an ancient bone altar of Kikubaaqudgha.
  3041 | D:5      | Found a glowing golden altar of the Shining One.
  3430 | D:6      | Reached skill level 5 in Shields
  3491 | D:6      | Reached skill level 7 in Axes
  3491 | D:6      | Reached XP level 8. HP: 69/69 MP: 7/7
  3672 | D:6      | Reached skill level 8 in Axes
  4408 | D:7      | Found an iron altar of Okawaru.
  4496 | D:7      | Noticed Pikel
  4508 | D:7      | HP: 4/105 [Pikel/+2 whip of electrocution (3)]
  4509 | D:7      | Killed Pikel
  4510 | D:7      | Reached skill level 9 in Axes
  4510 | D:7      | Reached XP level 9. HP: 5/78 MP: 1/8
  4965 | D:7      | Found a staircase to the Ecumenical Temple.
  4967 | D:7      | Noticed Duvessa
  4967 | D:7      | Noticed Dowan
  4972 | D:7      | Killed Duvessa
  4973 | D:7      | Reached skill level 10 in Axes
  4974 | D:7      | Killed Dowan
  4983 | Temple   | Entered the Ecumenical Temple
  5053 | Temple   | Became a worshipper of Qazlal Stormbringer
  5089 | D:7      | Reached skill level 1 in Stealth
  5795 | D:8      | Found Elikk's CLEARANCE SALE!.
  5802 | D:8      | Bought a scroll of enchant armour for 45 gold pieces
  5802 | D:8      | Bought a scroll of enchant armour for 45 gold pieces
  5846 | D:8      | Reached skill level 11 in Axes
  5873 | D:8      | Noticed a two-headed ogre
  5879 | D:8      | Killed a two-headed ogre
  5880 | D:8      | Reached skill level 12 in Axes
  5880 | D:8      | Reached XP level 10. HP: 52/86 MP: 6/9
  6023 | D:8      | Found a flagged portal.
  6031 | Bailey   | Entered a bailey
  6104 | Bailey   | Reached * piety under Qazlal
  6247 | Bailey   | Noticed an orc knight
  6250 | Bailey   | Noticed an orc knight
  6252 | Bailey   | Noticed an orc knight
  6257 | Bailey   | Killed an orc knight
  6260 | Bailey   | Demolished by an orc knight

Illustrated notes

Levels and vault maps discovered:
D:1:      lightli_arrival_isolated_outpost, layout_basic,
          hellmonk_ecumenical_altar_zigzags, minmay_stone_trees_medium
D:2:      kennysheep_six_static_rooms, layout_basic, kennysheep_doodads
D:3:      layout_rooms, amcnicky_mini_corridor_feature,
          nicolae_kite_square_tiling_tiny
D:4:      layout_rooms
D:5:      layout_cave_pools, kiku_gazebo_pond_becter, kennysheep_little_box,
          serial_shops, shop, serial_gnoll_camp, gnoll_camp_mini_hut,
          gnoll_camp_mini_doghouse, gnoll_camp_mini_doghouse,
          gnoll_camp_mini_hut
D:6:      layout_basic
D:7:      layout_basic, amcnicky_altar_gilded, minmay_temple_entry_arrows,
          uniq_pikel, uniq_duvessa
D:8:      layout_cave_pools, jmf_multi_god_temple, enter_bailey_3, special_room
          [special_room_orc], st_stairs_3, nicolae_shop_clearance, uniq_psyche
Temple:   regret_index_temple_sphere_string
Bailey:   bailey_polearm_5, bailey

Skill      XL: |  1  2  3  4  5  6  7  8  9 |
---------------+----------------------------+-----
Armour         | 4 5 6 8 |  8.9
Fighting       | 4 5 6 7 |  7.6
Polearms       | 3 |  3.9
Shields        | 4 5 6 |  6.6
Axes           | 2 4 5 7 9 12 | 12.4
Dodging        | 1 2 3 4 |  4.1
Stealth        | 1 |  1.8

Action                     |  1- 3 |  4- 6 |  7- 9 | 10-12 || total
---------------------------+-------+-------+-------+-------++-------
  Melee: Trident           |    87 |       |       |       ||    87
         Headbutt          |     8 |     8 |    21 |     9 ||    46
         Broad axe         |    16 |    63 |   130 |    41 ||   250
    Use: Scroll            |     2 |     9 |     3 |       ||    14
         Potion            |       |     2 |     2 |     2 ||     6
 Armour: Scale mail        |    47 |    67 |    84 |    36 ||   234
  Dodge: Dodged            |    36 |    51 |    67 |    43 ||   197
  Block: Buckler           |    18 |    24 |    41 |    18 ||   101

Table legend: (Time is in decaauts)
 A = Elapsed time spent in this place.
 B = Non-inter-level travel time spent in this place.
 C = Inter-level travel time spent in this place.
 D = Time resting spent in this place.
 E = Time spent auto-exploring this place.
 F = Levels seen in this place.
 G = Mean time per level.
                   A        B        C        D        E       F      G
               +--------+--------+--------+--------+--------+-----+--------+
         Total |   6347 |   6068 |    279 |     55 |   5046 |  10 |  634.7 |
       Dungeon |   6022 |   5836 |    186 |     55 |   4881 |   8 |  752.8 |
        Temple |     95 |      2 |     93 |      0 |      0 |   1 |   95.0 |
        Bailey |    228 |    228 |      0 |      0 |    165 |   1 |  228.0 |
               +--------+--------+--------+--------+--------+-----+--------+

Top non-repeatable levels by time:
     D:7: 1343 daAuts
     D:6: 1122 daAuts
     D:5: 905 daAuts
     D:1: 701 daAuts
     D:2: 700 daAuts
     D:3: 513 daAuts
     D:4: 480 daAuts
     D:8: 255 daAuts
  Bailey: 228 daAuts
  Temple: 95 daAuts
